 Dungeon Crawl Stone Soup version 0.31-a0-150-g89dc3ad700 (webtiles) character file.

Game seed: 17961511567986330417

21 Anon1729 the Trooper (level 2, -9/28 HPs)
             Began as a Naga Monk on June 8, 2023.
             Mangled by Sigmund
             ... wielding a +0 scythe
              (12 damage)
             ... on level 2 of the Dungeon.
             The game lasted 00:06:50 (1179 turns).

Anon1729 the Trooper (Naga Monk)                    Turns: 1179, Time: 00:06:51

Health: -9/28      AC:  1    Str: 11 (13) XL:     2   Next: 87%
Magic:  2/2        EV: 10    Int:  9 (10) God:
Gold:   44         SH:  0    Dex: 11 (13) Spells: 1/1 levels left

rFire   . . .        a - +0 hand axe
rCold   + . .        d - orb {light}
rNeg    . . .        b - +0 robe
rPois   +            (no helmet)
rElec   .            (no cloak)
rCorr   .            (no gloves)
SInv    +            (no barding)
Will    .....        (no amulet)
Stlth   +            f - ring of protection from cold
HPRegen 0.24/turn    (no ring)
MPRegen 0.08/turn

%: no passive effects
@: confused, attractive, glowing, very slow
A: AC +0, large, see invisible, deformed body, poison resistance, slowness 2,
spit poison 1, naga tail 1
a: Spit Poison


You were on level 2 of the Dungeon.
You visited 1 branch of the dungeon, and saw 2 of its levels.

You collected 44 gold pieces.

Inventory:

Hand Weapons
 a - a +0 hand axe (weapon)
Armour
 b - a +0 robe (worn)
 d - an orb of light (worn)
Jewellery
 f - a ring of protection from cold (left hand)
Scrolls
 g - a scroll of teleportation {unknown}
 h - a scroll of immolation {unknown}
 i - a scroll of amnesia {unknown}
 j - a scroll of magic mapping {unknown}


   Skills:
 + Level 3.3 Fighting
 + Level 3.3 Axes
 - Level 2.4 Dodging
 + Level 1.9 Stealth


You had one spell level left.
You didn't know any spells.
Your spell library was empty.

Dungeon Overview and Level Annotations

Branches:
Dungeon (2/15)

Altars:

Shops:
D:1 ((=**

Annotations:
D:1 1 exclusion
D:2 Sigmund


Innate Abilities, Weirdness & Mutations

Your serpentine skin is tough. (AC +0)
You have supernaturally acute eyesight. (SInv)
Armour fits poorly on your strangely shaped body.
Your system is resistant to poisons. (rPois)
You cover ground very slowly.
You can spit poison.
You have a snake-like lower body.


Message History

You're too confused to attack without stumbling around!
Sigmund looks more healthy.
Sigmund hits you with a +0 scythe!
You hit Sigmund.
Sigmund is severely wounded.
Sigmund gestures at you while chanting. The puff of flame hits you!
Sigmund hits you with a +0 scythe.
* * * LOW HITPOINT WARNING * * *
You aren't carrying any potions.
You are too confused!
Unknown command.
You closely miss Sigmund.
Sigmund is severely wounded.
Sigmund seems less brilliant.
Sigmund hits you from afar with a +0 scythe.
Sigmund is attracted toward you.
You bump into the rock wall.
Sigmund casts a spell at you.
You are more confused.
You closely miss Sigmund.
Sigmund is severely wounded.
Sigmund casts a spell at you. The magic dart hits you!
You hit Sigmund.
Sigmund is almost dead.
You feel less invigorated. Sigmund hits you with a +0 scythe!
Sigmund points at you and mumbles some strange words.
You are more confused.
You barely miss Sigmund.
Sigmund is almost dead.
Sigmund misses you.
You bump into the rock wall.
Sigmund casts a spell.
Sigmund flickers and vanishes for a moment.
You're too confused to move!
Sigmund barely misses you. Sigmund casts a spell at you.
The magic dart hits you!
* * * LOW HITPOINT WARNING * * *
You bump into the rock wall.
Sigmund hits you with a +0 scythe!
You die...

... #.# #.## ##### #..##
.>.# #...##### ###.###
..#.....# #.....#
#...###.####.###.#######
##.## #......# #@......#
#.# ######.###@#####.#
#.# #.....# #.#
###.......@.. ..#
#######.... .. ..


You could see Sigmund (invisible).

Vanquished Creatures
  2 ball pythons (D:1)
  2 bats (D:1)
  3 endoplasms
  A giant cockroach (D:1)
  4 goblins
  3 kobolds (D:1)
  A quokka (D:1)
  A frilled lizard (D:2)
  A rat (D:1)
18 creatures vanquished.

Notes
Turn   | Place    | Note
-------+----------+-------------------------------------------
     0 | D:1      | Anon1729 the Naga Monk began the quest for the Orb.
     0 | D:1      | Reached XP level 1. HP: 21/21 MP: 1/1
   107 | D:1      | Found Bopun's Weapon Emporium.
   117 | D:1      | Found a faded altar of an unknown god.
   119 | D:1      | Reached skill level 1 in Stealth
   150 | D:1      | Reached XP level 2. HP: 28/28 MP: 2/2
   311 | D:1      | Found Coatz's Weapon Shop.
   430 | D:1      | Found Umueja's Assorted Antiques.
   482 | D:1      | Found Otulopp's General Store.
   779 | D:1      | Found Caeqich's Jewellery Boutique.
  1155 | D:2      | Noticed Sigmund
  1179 | D:2      | Mangled by Sigmund

Illustrated notes

Levels and vault maps discovered:
D:1:      minmay_arrival_split_and_join, layout_basic,
          ebering_ecumenical_altar_webs, serial_shops, shop, shop,
          nicolae_shop_bloodbath_and_beyond, nicolae_lakefront_shop, shop,
          wander_ebering_terrifying_dragon_lair
D:2:      layout_loops_ring, chequers_decorated_corner,
          corexii_leaking_fountain, minmay_pentomino_q2, uniq_sigmund,
          uniq_natasha

Skill      XL: |  1 |
---------------+----+-----
Stealth        | 1 |  1.9
Fighting       | |  3.3
Axes           | |  3.3
Dodging        | |  2.4

Action                     || total
---------------------------++-------
  Melee: Hand axe          ||    26
Ability: Spit Poison       ||    13
    Use: Potion            ||     3
 Armour: Robe              ||     2
  Dodge: Dodged            ||     9

Table legend: (Time is in decaauts)
 A = Elapsed time spent in this place.
 B = Non-inter-level travel time spent in this place.
 C = Inter-level travel time spent in this place.
 D = Time resting spent in this place.
 E = Time spent auto-exploring this place.
 F = Levels seen in this place.
 G = Mean time per level.
                   A        B        C        D        E       F      G
               +--------+--------+--------+--------+--------+-----+--------+
         Total |   1594 |   1556 |     38 |     47 |   1335 |   2 |  797.0 |
       Dungeon |   1594 |   1556 |     38 |     47 |   1335 |   2 |  797.0 |
               +--------+--------+--------+--------+--------+-----+--------+

Top non-repeatable levels by time:
     D:1: 1499 daAuts
     D:2: 95 daAuts
